 Dungeon Crawl Stone Soup version 0.28-a0-381-g937acc2988 (webtiles) character file.

Game seed: 11620882581333081280

12810 freelancePsychic the Zephyrmancer (level 11, -9/94 HPs)
             Began as a Demigod Air Elementalist on Sept 1, 2021.
             Mangled by a sixfirhy (10 damage)
             ... summoned by an obsidian statue
             ... in a Gauntlet.
             The game lasted 00:37:13 (15545 turns).

freelancePsychic the Zephyrmancer (DgAE)           Turns: 15545, Time: 00:37:14

Health: -9/94      AC:  9    Str:  9    XL:     11   Next: 40%
Magic:  18/22      EV: 16    Int: 29    God:
Gold:   636        SH:  5    Dex: 14    Spells: 12/20 levels left

rFire   . . .      SeeInvis .   z - +2 dagger (venom)
rCold   . . .      Faith    .   D - +0 buckler
rNeg    . . .      Spirit   .   a - +0 robe
rPois   +          Reflect  .   H - +0 helmet
rElec   .          Harm     .   w - +0 cloak
rCorr   .          Rampage  .   k - +2 pair of gloves
Will    +....      NoTele   +   e - +1 pair of boots
Stlth   ++........              B - amulet of regeneration
HPRegen 1.25/turn               c - +4 ring of evasion
MPRegen 0.18/turn               j - ring of poison resistance

@: brilliant, mesmerised
A: high mp 1, forlorn
a: no special abilities


You were in a Gauntlet.
You visited 1 branch of the dungeon, and saw 11 of its levels.
You also visited: Sewer, Bailey and Gauntlet.

You collected 702 gold pieces.
You spent 66 gold pieces at shops.

Inventory:

Hand Weapons
 z - a +2 dagger of venom (weapon)
Missiles
 C - a throwing net
Armour
 a - a +0 robe (worn)
 e - a +1 pair of boots (worn)
 k - a +2 pair of gloves (worn)
 w - a +0 cloak (worn)
 D - a +0 buckler (worn)
 H - a +0 helmet (worn)
Jewellery
 c - a +4 ring of evasion (left hand)
 d - a +4 ring of slaying
 j - a ring of poison resistance (right hand)
 m - a ring of wizardry
 v - a ring of flight
 B - an amulet of regeneration (around neck)
 E - a ring of willpower
 G - a ring of positive energy
 M - a ring of see invisible
Wands
 g - a wand of polymorph (4)
 o - a wand of paralysis (16)
 F - a wand of mindburst (18)
 I - a wand of flame (17)
Scrolls
 b - 3 scrolls of amnesia
 h - 2 scrolls of fog
 L - a scroll of immolation
Potions
 f - 2 potions of mutation
 i - 3 potions of attraction
 l - 6 potions of curing {@q1}
 n - 2 potions of ambrosia
 q - 4 potions of heal wounds {@q2}
 r - 4 potions of flight {unknown}
 s - 3 potions of magic
 t - 2 potions of berserk rage {unknown}
 u - a potion of brilliance
 x - 4 potions of haste {unknown}
 A - a potion of invisibility {unknown}
 J - a potion of might {unknown}
 K - a potion of cancellation {unknown}


   Skills:
 + Level 8.1 Fighting
 - Level 1.7 Dodging
 - Level 1.7 Stealth
 - Level 4.0 Shields
 + Level 5.3 Spellcasting
 - Level 7.6 Conjurations
 + Level 11.6 Air Magic


You had 12 spell levels left.
You knew the following spells:

 Your Spells              Type           Power      Damage    Failure   Level
a - Shock                 Conj/Air       100%       1d9       1%          1
b - Static Discharge      Conj/Air       76%        N/A       1%          2
c - Airstrike             Air            42%        N/A       1%          4
d - Apportation           Tloc           22%        N/A       6%          1

Your spell library contained the following spells:

 Spells                   Type           Power      Damage    Failure   Level
 Swiftness                Air            85%        N/A       1%          3
 Animate Skeleton         Necr           22%        N/A       6%          1
 Corona                   Hex            12%        N/A       6%          1
 Pain                     Necr           44%        1d6       6%          1
 Summon Small Mammal      Summ           44%        N/A       6%          1
 Slow                     Hex            11%        N/A       10%         2
 Confusing Touch          Hex            11%        N/A       19%         3
 Ozocubu's Armour         Ice            11%        N/A       19%         3
 Portal Projectile        Hex/Tloc       22%        N/A       19%         3
 Agony                    Necr           11%        N/A       86%         5
 Alistair's Intoxication  Tmut/Pois      7%         N/A       86%         5
 Blade Hands              Tmut           5%         N/A       86%         5
 Excruciating Wounds      Necr           5%         N/A       86%         5
 Metabolic Englaciation   Hex/Ice        5%         N/A       86%         5
 Yara's Violent Unravell  Hex/Tmut       5%         3d4       86%         5
 Invisibility             Hex            5%         N/A       100%        6
 Simulacrum               Ice/Necr       5%         N/A       100%        6


Dungeon Overview and Level Annotations

Branches:
Dungeon (11/15)            Temple (0/1) D:4            Lair (0/6) D:11
    Orc (0/2) D:10          Sewer (visited)          Bailey (visited)
Gauntlet (1/1)

Shops:
D:3 ?   D:10 (   D:11 [

Annotations:
D:9 Harold
D:11 Urug Gauntlet 13 transporters, exclusion: obsidian statue


Innate Abilities, Weirdness & Mutations

Your attributes grow dramatically as you level up.
You have an increased reservoir of magic. (+10% MP)
You shall have no god before yourself.


Message History

The puff of frost misses you.
The puff of frost hits the sixfirhy!
The orange demon stings you but does no damage.
Okay, then.
You feel clever all of a sudden. The white imp misses you.
The orange demon closely misses you.
The obsidian statue slips into the dungeon's darkness for a moment.
The obsidian statue's eyes glow briefly.
The obsidian statue draws you further into its thrall.
You feel much better. The white imp closely misses you. The sixfirhy hits you.
The sixfirhy shocks you!
The orange demon stings you but does no damage.
Casting: Airstrike (mildly dangerous; 1% risk of failure)
Confirm with . or Enter, or press ? or * to list all spells.
Aiming: Airstrike (mildly dangerous; 1% risk of failure)
Press: ? - help, Dir - move target, f - sixfirhy
Aim: a sixfirhy (lightly wounded, summoned, empty space bonus: 0/8)
You feel a surge of power!
The air twists around and strikes the sixfirhy!
The sixfirhy is heavily wounded.
The sixfirhy hits you. The sixfirhy shocks you!
* * * LOW HITPOINT WARNING * * *
The sixfirhy misses you. The sixfirhy hits you!
* * * LOW HITPOINT WARNING * * *
The sixfirhy shocks you!
* * * LOW HITPOINT WARNING * * *
The white imp misses you.
The sixfirhy hits you but does no damage.
You block the orange demon's attack.
Casting: Airstrike (mildly dangerous; 1% risk of failure)
Confirm with . or Enter, or press ? or * to list all spells.
Aiming: Airstrike (mildly dangerous; 1% risk of failure)
Press: ? - help, Dir - move target, f/p - sixfirhy
Aim: a sixfirhy (heavily wounded, summoned, empty space bonus: 0/8)
You feel a surge of power!
The air twists around and strikes the sixfirhy!
The sixfirhy is severely wounded.
The sixfirhy hits you!
* * * LOW HITPOINT WARNING * * *
The sixfirhy shocks you!
You die...

#################
#≈.............≈#
###...............###
#8#..###########..#8#
###..#.####^#..#..###
#....#55..##.###....#
#....#4###...###....#
#..###3##.###..###..# ###
###..#©#@84.##.###©#..### #8#
#8#..#.#5##....^##.#..#8#
###########..#.#[##.##...#.#..###
#8#..........#.#.#..##.###.#.....
###..........#.#.##..©.###.#.....
.....#########.###########.######
.....#©........#≈≈≈≈8§≈§§#.......
.#############.###########.######
.#....9.9Y.#.#.#.YY#Y#YYw#.#.#/.≈


You could see an obsidian statue (mesmerising), an orange demon (summoned), a
sixfirhy (summoned), a chaos spawn (summoned), a crimson imp (summoned), a white
imp (summoned) and an ufetubus (summoned).

Vanquished Creatures
  Erolcha (D:9)
  2 centaur warriors (D:8)
  2 two-headed ogres (D:10)
  A skeletal warrior (D:8)
  An orc knight (Bailey)
  A gargoyle (D:10)
  A queen bee (Gauntlet)
  Prince Ribbit (D:9)
  A meliai zombie (D:10)
  2 shadows
  A wyvern (D:10)
  A wraith (D:11)
  8 yaks
  3 vampire mosquitoes (D:10)
  An acid dragon (D:10)
  2 water moccasins
  13 orc warriors
  2 ogres (D:6)
  7 centaurs
  2 necrophages
  A phantom (D:6)
  2 kobold brigands
  2 bullfrogs
  2 gnoll sergeants
  3 scorpions
  A water moccasin skeleton (D:4)
  4 killer bees (Gauntlet)
  14 wights
  10 electric eels
  A howler monkey (D:8)
  3 centaur zombies
  A bullfrog zombie (D:7)
  7 hounds
  2 orc priests
  3 gnoll shamans
  2 jellies
  4 iguanas (D:4)
  Natasha (D:2)
  4 orc wizards
  2 killer bee zombies
  A hound skeleton (D:4)
  A howler monkey zombie (D:10)
  33 gnolls
  An adder (D:3)
  A white imp (D:7)
  An ufetubus (D:6)
  An adder skeleton (D:5)
  A dart slug (D:1)
  40 orcs
  5 bats
  3 endoplasms
  4 giant cockroaches
  26 goblins
  21 hobgoblins
  2 jackals (Sewer)
  3 quokkas
  7 ball pythons
  2 frilled lizards
  18 kobolds
  5 rats
298 creatures vanquished.

Vanquished Creatures (collateral kills)
  An adder (D:5)
  An orc (D:5)
2 creatures vanquished.

Vanquished Creatures (others)
  A wizard (D:9)
  14 demonic plants (Gauntlet)
  15 fungi (D:11)
  15 plants (D:11)
45 creatures vanquished.

Grand Total: 345 creatures vanquished

Notes
Turn   | Place    | Note
-------+----------+-------------------------------------------
     0 | D:1      | freelancePsychic the Demigod Air Elementalist began the
                  | quest for the Orb.
     0 | D:1      | Reached XP level 1. HP: 14/14 MP: 5/5
    18 | D:1      | Reached skill level 1 in Conjurations
   376 | D:1      | Reached skill level 3 in Air Magic
   490 | D:1      | Reached XP level 2. HP: 9/20 MP: 0/7
   672 | D:1      | Learned a level 2 spell: Static Discharge
  1249 | D:2      | Noticed Natasha
  1989 | D:2      | Killed Natasha
  1990 | D:2      | Reached XP level 3. HP: 21/26 MP: 1/8
  2152 | D:3      | Found Rammank's Magic Scroll Shop.
  2174 | D:3      | Bought a scroll of identify for 22 gold pieces
  2174 | D:3      | Bought a scroll of identify for 22 gold pieces
  2174 | D:3      | Bought a scroll of identify for 22 gold pieces
  2362 | D:3      | Reached XP level 4. HP: 27/33 MP: 1/10
  2986 | D:4      | Found a glowing drain.
  3009 | Sewer    | Entered a sewer
  3132 | Sewer    | Noticed a water moccasin
  3139 | Sewer    | Killed a water moccasin
  3140 | Sewer    | Reached skill level 1 in Fighting
  3140 | Sewer    | Reached skill level 4 in Air Magic
  3140 | Sewer    | Reached XP level 5. HP: 30/40 MP: 6/11
  3371 | D:4      | Learned a level 4 spell: Airstrike
  3503 | D:4      | Noticed an orc warrior
  3790 | D:4      | Reached XP level 6. HP: 38/48 MP: 7/12
  4384 | D:4      | Found a staircase to the Ecumenical Temple.
  4812 | D:5      | Entered Level 5 of the Dungeon
  5225 | D:5      | Reached skill level 5 in Air Magic
  5225 | D:5      | Reached XP level 7. HP: 51/57 MP: 8/13
  6540 | D:6      | Reached skill level 6 in Air Magic
  6895 | D:6      | Reached XP level 8. HP: 57/67 MP: 0/14
  7148 | D:6      | Reached skill level 5 in Fighting
  7572 | D:6      | Reached skill level 7 in Air Magic
  8115 | D:7      | Reached skill level 8 in Air Magic
  9024 | D:7      | Reached XP level 9. HP: 69/74 MP: 9/18
  9246 | D:7      | Reached skill level 9 in Air Magic
  9954 | D:8      | Reached skill level 1 in Shields
 10082 | D:8      | Noticed a centaur warrior
 10089 | D:8      | Killed a centaur warrior
 10090 | D:8      | Reached skill level 5 in Conjurations
 10439 | D:8      | Noticed a skeletal warrior
 10595 | D:8      | Killed a skeletal warrior
 10696 | D:8      | Noticed a centaur warrior
 10703 | D:8      | Killed a centaur warrior
 10704 | D:8      | Reached skill level 10 in Air Magic
 10704 | D:8      | Reached XP level 10. HP: 69/81 MP: 8/19
 10834 | D:8      | Noticed a six-headed hydra
 11124 | D:9      | Noticed Prince Ribbit
 11143 | D:9      | Killed Prince Ribbit
 11197 | D:9      | Noticed Harold
 11201 | D:9      | Learned a level 1 spell: Apportation
 11242 | D:9      | Noticed Erolcha
 11245 | D:10     | Entered Level 10 of the Dungeon
 11256 | D:10     | Noticed a two-headed ogre
 11285 | D:10     | Killed a two-headed ogre
 11345 | D:10     | Found a flagged portal.
 11354 | Bailey   | Entered a bailey
 11821 | Bailey   | Noticed an orc knight
 11840 | Bailey   | Killed an orc knight
 11883 | Bailey   | Identified the +3 leather armour "Bubiock" {Will+}
 11889 | Bailey   | Noticed an orc knight
 11889 | Bailey   | Noticed an orc warlord
 12348 | D:10     | Found a staircase to the Orcish Mines.
 12384 | D:10     | Noticed a two-headed ogre
 12421 | D:10     | Killed a two-headed ogre
 12422 | D:10     | Reached skill level 11 in Air Magic
 12570 | D:10     | Reached XP level 11. HP: 92/92 MP: 7/20
 12577 | D:10     | Found Huoff's Weapon Boutique.
 13086 | D:9      | Identified the +5 quarterstaff of the Living Dead {freeze,
                  | Dex+5}
 13330 | D:9      | Killed Erolcha
 14658 | D:11     | Found Jeatt's Armour Emporium.
 14659 | D:11     | Noticed Urug
 14745 | D:11     | Reached skill level 5 in Spellcasting
 14776 | D:11     | Found a gate leading to a gauntlet.
 14788 | Gauntlet | Entered a Gauntlet
 14788 | Gauntlet | Found a transporter.
 14788 | Gauntlet | Found a transporter.
 14796 | Gauntlet | Noticed a fire crab
 14869 | Gauntlet | Found a transporter.
 14869 | Gauntlet | Found a transporter.
 14878 | Gauntlet | Found a transporter.
 14880 | Gauntlet | Noticed a dire elephant
 14897 | Gauntlet | Noticed a death yak
 14898 | Gauntlet | Noticed a death yak
 14899 | Gauntlet | Found a transporter.
 14899 | Gauntlet | Noticed a death yak
 14905 | Gauntlet | Noticed a death yak
 14906 | Gauntlet | Found a transporter.
 14907 | Gauntlet | Noticed a death yak
 14907 | Gauntlet | Noticed a death yak
 14908 | Gauntlet | Found a transporter.
 14908 | Gauntlet | Found a transporter.
 14912 | Gauntlet | Found a transporter.
 14914 | Gauntlet | Noticed a thrashing horror
 14918 | Gauntlet | Noticed a catoblepas
 14946 | Gauntlet | Found a transporter.
 14964 | Gauntlet | Found a transporter.
 15010 | Gauntlet | Found a transporter.
 15028 | Gauntlet | Found a transporter.
 15028 | Gauntlet | Noticed an obsidian statue
 15128 | Gauntlet | Found a transporter.
 15130 | Gauntlet | Noticed a cacodemon
 15146 | Gauntlet | Found a transporter.
 15528 | Gauntlet | Noticed a sixfirhy
 15545 | Gauntlet | HP: 1/94 [sixfirhy[an obsidian statue] (9)]
 15545 | Gauntlet | Mangled by a sixfirhy

Illustrated notes

Levels and vault maps discovered:
D:1:      dpeg_arrival_rooms_with_view, layout_basic, minmay_crystal_room
D:2:      layout_rooms, uniq_natasha
D:3:      layout_rooms, serial_shops, shop,
          hellmonk_ecumenical_altar_defaced_shrine
D:4:      layout_cave_pods, mainiacjoe_overflow_six_doors_small,
          minmay_temple_entry_gardened_gates, cheibrodos_sewer_entry_drain,
          chequers_serial_rivers_micro_b, grunt_ministairs_11
D:5:      layout_loops_ring
D:6:      layout_loops_corners
D:7:      layout_rooms, kennysheep_generic_room_2
D:8:      layout_basic, grunt_temple_overflow_open, minmay_evil_grid, uniq_erica
D:9:      layout_loops_corners, trog_wizard, uniq_harold, uniq_erolcha,
          uniq_prince_ribbit1
D:10:     layout_basic, orc_0_dummy, enter_bailey_3, serial_shops, shop
D:11:     layout_roguey, grunt_lair_entry_orc_guard_hut, serial_shops, shop,
          kennysheep_mini, shop, gauntlet_entry_generic, uniq_urug
Gauntlet: gammafunk_gauntlet_branching [nicolae_gauntlet_arena_quarters,
          nicolae_gauntlet_arena_flowing_pool,
          gammafunk_gauntlet_arena_arrow_garden, nicolae_gauntlet_swirl,
          gammafunk_gauntlet_arena_chambers, gammafunk_gauntlet_arena_crates,
          nicolae_gauntlet_arena_x, gammafunk_gauntlet_arena_split_diamond,
          gauntlet_exit_green]

Skill      XL: |  1  2  3  4  5  6  7  8  9 10 11 |
---------------+----------------------------------+-----
Conjurations   | 1 2 3 4 5 7 |  7.6
Air Magic      | 3 4 5 6 8 10 11 | 11.6
Spellcasting   | 2 3 4 5 |  5.3
Fighting       | 1 3 4 5 7 8 |  8.1
Shields        | 4 |  4.0
Dodging        | |  1.7
Stealth        | |  1.7

Action                   |  1- 3 |  4- 6 |  7- 9 | 10-12 || total
-------------------------+-------+-------+-------+-------++-------
Melee: Dagger            |    35 |    44 |    34 |   176 ||   289
       Unarmed           |     2 |       |       |       ||     2
 Cast: Shock             |    36 |     9 |     5 |     5 ||    55
       Static Discharge  |    19 |    55 |   110 |   109 ||   293
       Airstrike         |       |       |    39 |    39 ||    78
       Apportation       |       |       |       |     1 ||     1
Evoke: Wand              |       |       |       |    22 ||    22
  Use: Potion            |     1 |     1 |       |     2 ||     4
       Scroll            |     3 |     8 |     5 |    11 ||    27
 Stab: Sleeping          |     3 |     1 |     3 |     1 ||     8
       Distracted        |       |     1 |       |     1 ||     2
       Paralysed         |       |       |       |     7 ||     7
Armor: Robe              |    14 |    17 |    36 |    88 ||   155
Dodge: Dodged            |    41 |    88 |   122 |   273 ||   524
Block: Buckler           |       |       |     7 |    82 ||    89

Table legend: (Time is in decaauts)
 A = Elapsed time spent in this place.
 B = Non-inter-level travel time spent in this place.
 C = Inter-level travel time spent in this place.
 D = Time resting spent in this place.
 E = Time spent auto-exploring this place.
 F = Levels seen in this place.
 G = Mean time per level.
                   A        B        C        D        E       F      G
               +--------+--------+--------+--------+--------+-----+--------+
         Total |  15563 |  15089 |    474 |   1728 |  10432 |  14 | 1111.6 |
       Dungeon |  13760 |  13286 |    474 |   1383 |   9688 |  11 | 1250.9 |
         Sewer |    347 |    347 |      0 |     44 |    263 |   1 |  347.0 |
        Bailey |    699 |    699 |      0 |      0 |    194 |   1 |  699.0 |
      Gauntlet |    755 |    755 |      0 |    301 |    287 |   1 |  755.0 |
               +--------+--------+--------+--------+--------+-----+--------+

Top non-repeatable levels by time:
     D:6: 2743 daAuts
     D:9: 1626 daAuts
     D:4: 1429 daAuts
     D:8: 1359 daAuts
     D:1: 1196 daAuts
     D:7: 1191 daAuts
    D:10: 1089 daAuts
     D:5: 1079 daAuts
     D:3: 994 daAuts
     D:2: 854 daAuts
Gauntlet: 755 daAuts
  Bailey: 699 daAuts
   Sewer: 347 daAuts
    D:11: 195 daAuts
